 Dungeon Crawl Stone Soup version 0.29.1-14-g9c671dbff4 (webtiles) character file.

Game seed: 17144035304141758628

5 Peloso the Shield-Bearer (level 1, 20/20 HPs)
             Began as a Minotaur Fighter on Feb 17, 2023.
             Got out of the dungeon alive.
             The game lasted 00:00:38 (194 turns).

Peloso the Shield-Bearer (Minotaur Fighter)          Turns: 194, Time: 00:00:38

Health: 20/20      AC:  8    Str: 20    XL:     1   Next: 66%
Magic:  0/0        EV:  9    Int:  5    God:
Gold:   0          SH:  4    Dex:  9    Spells: 0/0 levels left

rFire   . . .      SeeInvis .   a - +0 long sword
rCold   . . .      Faith    .   c - +0 buckler
rNeg    . . .      Spirit   .   b - +1 scale mail
rPois   .          Reflect  .   (helmet restricted)
rElec   .          Harm     .   (no cloak)
rCorr   .          Rampage  .   (no gloves)
Will    .....                   (no boots)
Stlth   ..........              (no amulet)
HPRegen 0.06/turn               (no ring)
MPRegen 0.07/turn               (no ring)

@: no status effects
A: horns 2, retaliatory headbutt, low MP 1, MP-powered wands
a: no special abilities


You escaped.
You visited 1 branch of the dungeon, and saw 1 of its levels.

Inventory:

Hand Weapons
 a - a +0 long sword (weapon)
Armour
 b - a +1 scale mail (worn)
 c - a +0 buckler (worn)
Potions
 d - a potion of might


   Skills:
 + Level 3.7 Fighting
 + Level 2.4 Long Blades
 + Level 3.8 Armour
 + Level 3.8 Shields


You couldn't memorise any spells.
You didn't know any spells.
Your spell library was empty.

Dungeon Overview and Level Annotations

Branches:
Dungeon (1/15)

Altars:


Innate Abilities, Weirdness & Mutations

You have a pair of horns on your head.
You reflexively headbutt those who attack you in melee.
Your magical capacity is low. (-10% MP)
You expend magic power (3 MP) to strengthen your wands.


Message History

You see here a giant cockroach corpse.
HP restored.
A rat comes into view.
A rat is nearby!
A rat is nearby!
The rat bites you but does no damage.
You barely miss the rat. The rat barely misses you.
You hit the rat but do no damage. You headbutt the rat.
You kill the rat!
You see here a rat corpse.
e - a scroll labelled QELOF CUT FIRO
As you read the scroll labelled QELOF CUT FIRO, it crumbles to dust.
It is a scroll of enchant armour.
Your +0 scale mail glows green for a moment.
Found a ring mail.
A hobgoblin comes into view.
Found a faded altar of an unknown god.
A hobgoblin is nearby!
A hobgoblin is nearby!
The golden eye turns its gaze towards you.
The floating eye turns its gaze towards you.
The eye of devastation turns its gaze towards you.
The hobgoblin barely misses you.
You barely miss the hobgoblin. The hobgoblin closely misses you.
The hobgoblin hits you but does no damage.
You hit the hobgoblin.
You kill the hobgoblin!
e - a fizzy green potion It was a potion of mutation.
You feel extremely strange.
You feel your magical essence link to the dungeon's wands.
You feel less energetic.
You have 0 gold pieces.
(D) Dungeon
Where to? (? - help)
What level of the Dungeon? (default 1, ? - help)
There is a staircase leading out of the dungeon here.
Are you sure you want to leave the Dungeon?
This will make you lose the game!
Alright, then stay!
Are you sure you want to leave the Dungeon?
This will make you lose the game!
You have escaped!

..
.......###########.....†......
#.....##### ####.......##
..[...# ##..†..... ...
#........ #.#)..... ♣♣ ♣♣♣
#.#...#.. ♣.♣♣.♣ #........
♣♣♣....♣♣ #........
♣....@..♣♣♣♣♣#........
♣..♣♣♣.....♣..♣#........
♣.♣.♣..............
♣♣♣♣♣.♣♣♣.......... ♣♣♣
♣♣#.#...... #.+......
#.#.[.... #.#...... #..>....#


There were no monsters in sight!

Vanquished Creatures
  A bat (D:1)
  A giant cockroach (D:1)
  A hobgoblin (D:1)
  A kobold (D:1)
  A rat (D:1)
5 creatures vanquished.

Notes
Turn   | Place    | Note
-------+----------+-------------------------------------------
     0 | D:1      | Peloso the Minotaur Fighter began the quest for the Orb.
     0 | D:1      | Reached XP level 1. HP: 19/19 MP: 0/0
   145 | D:1      | Found a faded altar of an unknown god.
   145 | D:1      | Noticed a great orb of eyes
   147 | D:1      | Noticed a golden eye
   148 | D:1      | Noticed a floating eye
   148 | D:1      | Noticed an eye of devastation
   156 | D:1      | Gained mutation: You expend magic power (3 MP) to
                  | strengthen your wands. [potion of mutation]
   156 | D:1      | Gained mutation: Your magical capacity is low. (-10% MP)
                  | [potion of mutation]
   194 | D:$      | Got out of the dungeon alive.

Illustrated notes

Levels and vault maps discovered:
D:1:      roderic_dead_forest, layout_basic,
          hellmonk_ecumenical_altar_watching_god

Action                   || total
-------------------------++-------
Melee: Long sword        ||    11
       Headbutt          ||     3
  Use: Scroll            ||     1
       Potion            ||     1
Armor: Scale mail        ||     3
Dodge: Dodged            ||     5
Block: Buckler           ||     3
